 Dungeon Crawl Stone Soup version 0.31-a0-968-g24f9ace8b5 (webtiles) character file.

Game seed: 9967024374821836333

264891 Arzdou the Eclecticist (level 19, -1/122 HPs)
             Began as a Deep Elf Ice Elementalist on Oct 25, 2023.
             Was the Champion of Vehumet.
             Engulfed by a cloud of freezing vapour (5 damage)
             ... on level 1 of the Vaults on Oct 27, 2023.
             The game lasted 03:03:24 (53893 turns).

Arzdou the Eclecticist (Deep Elf Ice Elementalist) Turns: 53893, Time: 03:03:24

Health: -1/122     AC: 27    Str:  5    XL:     19   Next: 28%
Magic:  1/43       EV: 13    Int: 32    God:    Vehumet [******]
Gold:   4097       SH:  5    Dex: 19    Spells: 2/54 levels left

rFire   . . .        b - staff of fire
rCold   + . .        (no shield)
rNeg    . . .        s - +1 robe of Wuluch {Fly Will+ Dex+4 Archmagi}
rPois   +            M - +2 helmet {Int+3}
rElec   .            r - +1 cloak
rCorr   .            q - +2 pair of gloves
SInv    .            Q - +2 pair of boots
Will    ++...        A - amulet of reflection
Stlth   ++           L - ring of poison resistance
HPRegen 0.40/turn    R - ring of ice
MPRegen 0.28/turn

%: reflection, archmagi
@: ice-armoured, flying
A: no striking features
}: 2/15 runes: decaying, serpentine
a: Renounce Religion


You were on level 1 of the Vaults.
You worshipped Vehumet.
Vehumet was exalted by your worship.
You visited 6 branches of the dungeon, and saw 31 of its levels.
You also visited: Bailey and Ice Cave.

You collected 5419 gold pieces.
You spent 1322 gold pieces at shops.

Inventory:

Missiles
 K - 3 curare-tipped darts
 V - 2 throwing nets
Armour
 q - a +2 pair of gloves (worn)
 r - a +1 cloak (worn)
 s - the +1 robe of Wuluch (worn) {Fly Will+ Dex+4 Archmagi}
   (You found it on level 3 of the Dungeon)

   Dex+4:     It affects your dexterity (+4).
   Will+:     It increases your willpower.
   Fly:       It grants you flight.
   Archmagi:  It increases the power of your magical spells.
 M - a +2 helmet of intelligence (worn)
 P - the +0 robe "Repaps" {rC+ Archmagi}
   (You took it off a salamander on level 1 of the Snake Pit)

   rC+:       It protects you from cold.
   Archmagi:  It increases the power of your magical spells.
 Q - a +2 pair of boots (worn)
Magical Staves
 a - a staff of cold
 b - a staff of fire (weapon)
Jewellery
 e - a ring of resist corrosion
 n - an amulet of regeneration
 w - the ring of the Loving Gods {Dex+2 SInv}
   (You found it in an ice cave)

   [ring of see invisible]

   Dex+2:     It affects your dexterity (+2).
   SInv:      It lets you see invisible.
 A - an amulet of reflection (around neck)
 L - a ring of poison resistance (left hand)
 N - a ring of fire
 R - a ring of ice (right hand)
Wands
 i - a wand of charming (40)
 y - a wand of mindburst (6)
 E - a wand of digging (2)
 G - a wand of roots (43)
 H - a wand of polymorph (13)
 J - a wand of quicksilver (4)
Scrolls
 c - 2 scrolls of fog
 h - 11 scrolls of immolation
 l - 3 scrolls of silence
 m - a scroll of acquirement
 u - 3 scrolls of poison
 x - a scroll of revelation
 D - 2 scrolls of fear
 F - 6 scrolls of amnesia
 I - 5 scrolls of vulnerability
 U - 4 scrolls of blinking
 W - a scroll of butterflies
 X - a scroll of torment
 Y - 5 scrolls of teleportation
Potions
 d - 3 potions of invisibility
 f - a potion of cancellation {unknown}
 g - 6 potions of enlightenment
 j - 3 potions of lignification
 k - 10 potions of curing
 o - 10 potions of mutation
 p - 2 potions of ambrosia
 v - 5 potions of haste
 O - 2 potions of resistance
 S - 4 potions of heal wounds
 T - 2 potions of brilliance
Miscellaneous
 t - a phantom mirror (inert)
 z - a lightning rod (inert)
 B - a phial of floods (inert)
 C - a tin of tremorstones (2/2)


   Skills:
 - Level 14.3 Fighting
 - Level 1.5 Armour
 - Level 2.5 Dodging
 - Level 2.5 Stealth
 - Level 18.0 Spellcasting
 - Level 15.0 Conjurations
 - Level 7.2 Necromancy
 + Level 15.9 Fire Magic
 + Level 15.0 Ice Magic
 - Level 8.0 Air Magic
 - Level 15.0 Evocations


You had 2 spell levels left.
You knew the following spells:

 Your Spells              Type           Power      Damage    Failure   Level
a - Freeze                Ice            100%       1d10      0%          1
b - Frozen Ramparts       Ice            100%       1d16      0%          3
c - Ozocubu's Armour      Ice            100%       N/A       0%          3
d - Blink                 Tloc           86%        N/A       1%          2
e - Freezing Cloud        Conj/Ice/Air   64%        6-21      1%          5
f - Fireball              Conj/Fire      68%        3d26      1%          5
g - Simulacrum            Ice/Necr       61%        N/A       2%          6
h - Conjure Ball Lightni  Conj/Air       50%        3x3d17    1%          6
i - Ozocubu's Refrigerat  Ice            68%        4d22      1%          7
s - Starburst             Conj/Fire      68%        6d18      1%          6
w - Foxfire               Conj/Fire      100%       2x1d9     0%          1
O - Orb of Destruction    Conj           56%        9d14      1%          7

Your spell library contained the following spells:

 Spells                   Type           Power      Damage    Failure   Level
 Ignition                 Fire           69%        3d18      3%          8
 Polar Vortex             Ice            68%        12d9*     54%         9
 Maxwell's Capacitive Co  Air            44%        ∞         58%         8
 Apportation              Tloc           86%        N/A       1%          1
 Necrotise                Necr           100%       1d9       1%          1
 Sting                    Tmut/Pois      100%       1d8       1%          1
 Summon Small Mammal      Summ           100%       N/A       1%          1
 Jinxbite                 Hex            86%        N/A       1%          2
 Lesser Beckoning         Tloc           86%        N/A       1%          2
 Momentum Strike          Conj/Tloc      100%       3d10      1%          2
 Poisonous Vapours        Pois/Air       100%       N/A       1%          2
 Hailstorm                Conj/Ice       100%       3d20      0%          3
 Mephitic Cloud           Conj/Pois/Air  86%        N/A       1%          3
 Volatile Blastmotes      Fire/Tloc      100%       2d18      1%          3
 Animate Dead             Necr           84%        N/A       1%          4
 Fulminant Prism          Conj/Hex       43%        3d19      1%          4
 Iskenderun's Mystic Bla  Conj/Tloc      86%        2d17      1%          4
 Summon Ice Beast         Ice/Summ       100%       N/A       1%          4
 Metabolic Englaciation   Hex/Ice        53%        N/A       1%          5
 Plasma Beam              Fire/Air       63%        2x1d79    1%          6
 Bombard                  Conj/Erth      43%        9d7       2%          6
 Olgreb's Toxic Radiance  Pois           43%        N/A       3%          4
 Call Canine Familiar     Summ           43%        N/A       4%          3
 Gell's Gravitas          Tloc           43%        N/A       4%          3
 Summon Guardian Golem    Hex/Summ       43%        N/A       4%          3
 Teleport Other           Tloc           43%        N/A       4%          3
 Silence                  Hex/Air        34%        N/A       7%          5
 Lee's Rapid Deconstruct  Erth           21%        3d12*     11%         5
 Leda's Liquefaction      Hex/Erth       21%        N/A       13%         4
 Manifold Assault         Tloc           43%        N/A       13%         4
 Passage of Golubria      Tloc           43%        N/A       13%         4
 Petrify                  Tmut/Erth      43%        N/A       13%         4
 Alistair's Intoxication  Tmut/Pois      28%        N/A       36%         5
 Lehudib's Crystal Spear  Conj/Erth      43%        10d10     67%         8
 Dispersal                Tloc           21%        N/A       90%         6
 Haunt                    Necr/Summ      33%        N/A       95%         7
 Infestation              Necr           42%        N/A       99%         8
 Monstrous Menagerie      Summ           21%        N/A       100%        7
 Summon Horrible Things   Summ           21%        N/A       100%        8


Dungeon Overview and Level Annotations

Branches:
Dungeon (15/15)            Temple (0/1) D:5            Lair (5/5) D:10
  Swamp (4/4) Lair:3        Snake (4/4) Lair:3        Slime (0/5) Lair:5
    Orc (2/2) D:9             Elf (0/3) Orc:2        Vaults (1/5) D:14
 Depths (0/4) D:15         Bailey (visited)           IceCv (visited)

Altars:
Hepliaklqana
Kikubaaqudgha
Makhleb
Nemelex Xobeh
Okawaru
Sif Muna
Trog
Uskayaw
Vehumet
Wu Jian
Xom

Shops:
D:8 [!   Orc:2 [(*(   Snake:1 [   Snake:3 [

Portals:
Hell: Lair:5
Trove: D:13 (give 2 scrolls of acquirement)

Annotations:
D:5 3 runed translucent doors, Nebesus's ghost, amateur NaVM
D:13 2 transporters, Deit's ghost, journeyman MiBe
Lair:5 t4s4d4r's ghost, journeyman DsFi


Message History

You kill the slime creature!
Vehumet accepts your kill.
You feel your power returning. Vehumet accepts your kill.
You feel your power returning.
You feel a bit more experienced. Vehumet accepts your kill.
You feel your power returning.
You feel a bit more experienced.
You are engulfed in freezing vapours.
You resist.
The slime creature is engulfed in freezing vapours.
Your Ice Magic skill increases to level 15!
Unknown command.
Casting: Starburst (mildly dangerous; 1% risk of failure)
Confirm with . or Enter, or press ? or * to list all spells.
Casting: Starburst (mildly dangerous; 1% risk of failure)
Press: ? - help, Dir - look around, f - activate You feel a strong surge of power!
The bolt of fire hits the yaktaur!!!
You kill the yaktaur!
Vehumet accepts your kill.
You feel your power returning.
You are engulfed in freezing vapours.
You resist.
The slime creature is engulfed in freezing vapours.
Casting: Starburst (mildly dangerous; 1% risk of failure)
Confirm with . or Enter, or press ? or * to list all spells.
You don't have enough magic to cast this spell.
You are engulfed in freezing vapours.
You resist.
* * * LOW HITPOINT WARNING * * *
The slime creature hits you!
* * * LOW HITPOINT WARNING * * *
Unknown command.
Casting: Starburst (mildly dangerous; 1% risk of failure)
Confirm with . or Enter, or press ? or * to list all spells.
Casting: Starburst (mildly dangerous; 1% risk of failure)
Press: ? - help, Dir - look around, f - activate You feel a strong surge of power!
The bolt of fire hits the slime creature!!!
You kill the slime creature!
Vehumet accepts your kill.
You feel your power returning.
You are engulfed in freezing vapours.
You resist.
You die...

## #### ##. #....
#... #..... #).#
#..... ########)##
#.....J#......§§@#
#.J...§#...J.§§§§#
.....)'§....§§§§#
# #).....§§§# #
#.......§.# #
#.........# +
#.........# #
#§........# #
###'#######


You could see a slime creature.

Vanquished Creatures
  Vashnia (Snake:3)
  A tentacled monstrosity (Swamp:3)
  A sphinx (Vaults:1)
  A thorn hunter (Swamp:4)
  8 nagarajas
  A fenstrider witch (Swamp:3)
  Roxanne (Swamp:4)
  3 vault wardens (Vaults:1)
  An ironbound preserver (D:14)
  A war gargoyle (Vaults:1)
  An ironbound thunderhulk (Vaults:1)
  6 eleionomae
  Azrael (D:13)
  2 bunyips
  11 dire elephants
  3 fire dragons
  Josephine (Orc:2)
  A yaktaur captain (Vaults:1)
  An ice dragon (IceCv)
  3 shambling mangroves
  Fannar (D:12)
  6 salamander tyrants
  5 centaur warriors
  A peacekeeper (Vaults:1)
  16 hydras
  2 ghost crabs
  2 catoblepae
  2 ogre magi
  10 anacondas
  11 death yaks
  11 two-headed ogres
  2 boulder beetles
  17 alligators
  12 naga warriors
  2 spriggan berserkers (Swamp:4)
  Urug (Orc:2)
  24 naga sharpshooters
  5 shock serpents
  A deep elf knight (Snake:2)
  A fire crab (Lair:5)
  7 salamander mystics
  Amaemon (Lair:2)
  4 skysharks
  A sixfirhy (Lair:5)
  Lodul (D:14)
  4 goliath frogs
  A death drake (Swamp:2)
  4 skeletal warriors (D:10)
  A swamp dragon (shapeshifter) (D:14)
  2 deep trolls (Orc:2)
  7 bog bodies
  10 naga ritualists
  12 swamp dragons
  A deep elf archer (Snake:2)
  An ironbound convoker (Vaults:1)
  The ghost of t4s4d4r the Geomancer, a novice OpEE of Gozag (D:7)
  Pikel (D:5)
  5 spriggan druids
  2 deep elf pyromancers
  A necromancer (Swamp:3)
  An arcanist (Lair:5)
  14 mana vipers
  An orc knight (D:15)
  A lindwurm (Vaults:1)
  An orc sorcerer (Orc:1)
  20 ugly things
  3 will-o-the-wisps
  10 cyclopes
  7 oklob plants
  4 manticores
  18 salamanders
  42 black mambas
  21 naga magi
  24 elephants
  2 ice statues (IceCv)
  3 vault sentinels (Vaults:1)
  16 guardian serpents
  4 orange demons
  A torpor snail (Lair:5)
  15 cane toads
  An unseen horror (D:11)
  2 kobold demonologists
  9 rime drakes
  11 komodo dragons
  An efreet (D:15)
  2 tengu conjurers (D:14)
  2 yaktaurs (Vaults:1)
  A freezing wraith (D:14)
  2 red devils (Lair:5)
  11 trolls
  2 polar bears
  8 tyrant leeches
  A bloated husk (Swamp:2)
  A merfolk (D:12)
  11 hornets
  A hellwing (Lair:5)
  Prince Ribbit (D:8)
  7 dream sheep (Lair:5)
  34 blink frogs
  A glass eye (Lair:2)
  A centaur simulacrum (D:14)
  2 spriggans (Swamp:2)
  20 slime creatures
  Sigmund (D:6)
  2 fire elementals (D:13)
  4 wyverns
  6 wraiths
  36 yaks
  A vampire (D:12)
  4 basilisks
  A basilisk (shapeshifter) (D:13)
  13 vampire mosquitoes
  A steam dragon (D:6)
  Menkaure (D:7)
  2 acid dragons
  3 wargs (Orc:1)
  30 nagas
  7 hell hounds
  12 swamp worms
  18 water moccasins
  6 black bears
  25 orc warriors
  8 swamp drakes
  A sky beast (D:7)
  32 ogres
  5 boggarts (D:15)
  8 centaurs
  13 wolves
  2 lemures (D:4)
  A phantom (D:5)
  10 bullfrogs
  4 scorpions
  16 wights
  A lindwurm simulacrum (IceCv)
  4 howler monkeys
  8 komodo dragon simulacra (IceCv)
  8 jellies
  9 orc priests
  3 hounds
  2 gnoll boudas
  3 iguanas
  7 hell rats (Lair:3)
  6 orc wizards
  3 acid dragon simulacra (IceCv)
  4 adders
  19 gnolls
  14 white imps
  9 steam dragon simulacra (IceCv)
  4 dart slugs
  22 orcs
  16 endoplasms
  A giant cockroach (D:1)
  25 goblins
  10 hobgoblins
  8 jackals (D:2)
  2 quokkas
  7 ball pythons
  3 bats
  10 frilled lizards
  14 kobolds
  5 rats
  A butterfly (Lair:4)
1089 creatures vanquished.

Vanquished Creatures (collateral kills)
  An ogre mage (Orc:2)
  2 two-headed ogres (Orc:2)
  A troll (Orc:2)
  A slime creature (Vaults:1)
  An orc warrior (Orc:2)
  3 orcs (Orc:2)
  3 ball lightnings
12 creatures vanquished.

Vanquished Creatures (others)
  A black mamba (Snake:1)
  A bloated husk (Swamp:2)
  37 ball lightnings
  133 foxfires
172 creatures vanquished.

Grand Total: 1273 creatures vanquished

Notes
Turn   | Place    | Note
-------+----------+-------------------------------------------
     0 | D:1      | Arzdou the Deep Elf Ice Elementalist began the quest for
                  | the Orb.
     0 | D:1      | Reached XP level 1. HP: 10/10 MP: 6/6
     6 | D:1      | Noticed an iguana
     6 | D:1      | Noticed a rime drake
     6 | D:1      | Noticed a hog
     7 | D:1      | Noticed a black mamba
   180 | D:1      | Reached XP level 2. HP: 11/15 MP: 2/8
   375 | D:1      | Reached skill level 4 in Spellcasting
   745 | D:1      | Reached XP level 3. HP: 19/19 MP: 11/11
  1180 | D:2      | You fall into a shaft and drop 1 floor!
  1194 | D:3      | Learned a level 3 spell: Frozen Ramparts
  1198 | D:3      | Learned a level 3 spell: Ozocubu's Armour
  1200 | D:3      | Learned a level 1 spell: Foxfire
  1266 | D:3      | Reached skill level 5 in Spellcasting
  1398 | D:3      | Found a radiant altar of Vehumet.
  1398 | D:3      | Found a bloodstained altar of Trog.
  1399 | D:3      | Found a sparkling altar of Nemelex Xobeh.
  1539 | D:3      | Identified the +1 robe of Wuluch {Fly Will+ Dex+4 Archmagi}
  1593 | D:3      | Found an ornate altar of the Wu Jian Council.
  1839 | D:3      | Reached skill level 1 in Fire Magic
  2008 | D:2      | Reached XP level 4. HP: 24/24 MP: 9/13
  3115 | D:4      | HP: 1/22 [wight/+2 mace (3)]
  3270 | D:3      | Became a worshipper of Vehumet
  3433 | D:4      | Reached skill level 5 in Ice Magic
  3750 | D:4      | Noticed a black bear
  3759 | D:4      | Killed a black bear
  3760 | D:4      | Reached XP level 5. HP: 24/28 MP: 3/14
  3952 | D:4      | Learned a level 2 spell: Blink
  4015 | D:4      | Reached XP level 6. HP: 32/32 MP: 8/16
  4046 | D:4      | Reached skill level 6 in Spellcasting
  4252 | D:5      | Entered Level 5 of the Dungeon
  4252 | D:5      | Noticed Pikel
  4385 | D:3      | Reached skill level 1 in Conjurations
  4482 | D:5      | Killed Pikel
  4483 | D:5      | Reached skill level 5 in Conjurations
  4483 | D:5      | Reached XP level 7. HP: 22/41 MP: 9/18
  4545 | D:4      | Learned a level 5 spell: Freezing Cloud
  4607 | D:5      | Found a staircase to the Ecumenical Temple.
  4667 | D:5      | Reached skill level 1 in Air Magic
  4714 | D:5      | Found a hazy altar of Hepliaklqana.
  4760 | D:5      | Reached XP level 8. HP: 46/46 MP: 15/19
  5045 | D:5      | Found a runed translucent gate.
  5046 | D:5      | Found a runed translucent gate.
  5046 | D:5      | Found a runed translucent gate.
  5049 | D:5      | Noticed Nebesus's ghost (amateur NaVM)
  5452 | D:6      | Noticed Sigmund
  5463 | D:6      | Killed Sigmund
  5464 | D:6      | Reached skill level 5 in Air Magic
  5617 | D:6      | Reached * piety under Vehumet
  5617 | D:6      | Offered knowledge of Magic Dart by Vehumet.
  5722 | D:6      | Identified a scroll of acquirement
  5722 | D:6      | Acquired 544 gold pieces
  6047 | D:6      | Reached XP level 9. HP: 50/50 MP: 15/20
  6616 | D:7      | Noticed Menkaure
  6625 | D:7      | Killed Menkaure
  6934 | D:7      | Found a flagged portal.
  6950 | Bailey   | Entered a bailey
  7421 | Bailey   | Reached ** piety under Vehumet
  7421 | Bailey   | Offered knowledge of Sandblast by Vehumet.
  7582 | Bailey   | Noticed an orc warlord
  7716 | Bailey   | Reached XP level 10. HP: 27/56 MP: 3/21
  7940 | D:7      | Reached XP level 11. HP: 60/60 MP: 22/22
  8024 | D:7      | Found a runed translucent door.
  8024 | D:7      | Noticed t4s4d4r's ghost (novice OpEE)
  8033 | D:7      | Killed t4s4d4r's ghost
  8236 | D:7      | Offered knowledge of Static Discharge by Vehumet.
  8911 | D:8      | Found Xoimanyu's Antique Armour Shoppe.
  9169 | D:8      | Noticed Prince Ribbit
  9176 | D:8      | Killed Prince Ribbit
  9283 | D:8      | Found an iron altar of Okawaru.
  9383 | D:8      | Found Deaskaw's Distillery.
  9479 | D:8      | Reached skill level 5 in Fighting
 10021 | D:9      | Noticed a two-headed ogre
 10036 | D:9      | Killed a two-headed ogre
 10124 | D:9      | Acquired 715 gold pieces
 10497 | D:9      | Found a staircase to the Orcish Mines.
 10937 | D:10     | Entered Level 10 of the Dungeon
 10987 | D:10     | Reached skill level 7 in Spellcasting
 11060 | D:10     | Noticed a skeletal warrior
 11164 | D:10     | Reached *** piety under Vehumet
 11165 | D:10     | Reached skill level 8 in Spellcasting
 11256 | D:10     | Noticed a skeletal warrior
 11365 | D:10     | Noticed a skeletal warrior
 11432 | D:10     | Noticed a two-headed ogre
 11450 | D:10     | Killed a two-headed ogre
 11636 | D:10     | Found a staircase to the Lair.
 11702 | D:14     | Identified the "Vomor"
 11702 | IceCv    | Identified the "Neut"
 11702 | Lair:1   | Entered Level 1 of the Lair of Beasts
 11710 | Lair:1   | Reached skill level 9 in Spellcasting
 11762 | Lair:1   | Reached skill level 5 in Fire Magic
 11770 | Lair:1   | Offered knowledge of Stone Arrow by Vehumet.
 11847 | Lair:1   | Found a frozen archway.
 11848 | Lair:1   | Upgraded the game from 0.31-a0-963-ga325b2283a to
                  | 0.31-a0-965-g8a8ce12e04
 11855 | Lair:1   | Learned a level 6 spell: Starburst
 11890 | IceCv    | Entered an ice cave
 12241 | IceCv    | Reached XP level 12. HP: 63/71 MP: 9/27
 12647 | IceCv    | Noticed an ice dragon
 12710 | IceCv    | Reached **** piety under Vehumet
 12711 | IceCv    | Reached skill level 10 in Spellcasting
 12870 | IceCv    | Offered knowledge of Fireball by Vehumet.
 12975 | IceCv    | Killed an ice dragon
 13175 | IceCv    | Identified the ring of the Loving Gods {Dex+2 SInv}
 13733 | Lair:1   | Learned a level 5 spell: Fireball
 13763 | Lair:1   | Reached skill level 11 in Spellcasting
 14748 | Lair:2   | Noticed Amaemon
 14762 | Lair:2   | Reached skill level 12 in Spellcasting
 14763 | Lair:2   | Killed Amaemon
 15035 | Lair:2   | Reached skill level 5 in Evocations
 15609 | Lair:2   | You are sucked into a shaft and drop 2 floors!
 15614 | Lair:4   | Reached ***** piety under Vehumet
 15614 | Lair:4   | Offered knowledge of Sticky Flame by Vehumet.
 15615 | Lair:4   | Reached XP level 13. HP: 57/75 MP: 29/31
 16152 | Lair:3   | Found a staircase to the Snake Pit.
 17086 | Lair:3   | Found a staircase to the Swamp.
 17824 | Lair:4   | Reached skill level 10 in Fire Magic
 19183 | Lair:5   | Entered Level 5 of the Lair of Beasts
 19954 | Lair:5   | Found a staircase to the Slime Pits.
 20029 | Lair:5   | Reached skill level 10 in Fighting
 20131 | Lair:5   | Reached XP level 14. HP: 88/88 MP: 23/32
 20470 | Lair:5   | Offered knowledge of Conjure Ball Lightning by Vehumet.
 21089 | Lair:5   | Found a runed translucent door.
 21089 | Lair:5   | Noticed t4s4d4r's ghost (journeyman DsFi)
 21373 | Lair:5   | Learned a level 6 spell: Simulacrum
 21450 | Lair:5   | Reached skill level 1 in Necromancy
 21674 | Lair:5   | Reached skill level 1 in Armour
 21880 | Lair:5   | Reached skill level 13 in Spellcasting
 22530 | Lair:5   | Found a burning altar of Makhleb.
 22607 | Lair:5   | Reached skill level 5 in Necromancy
 23235 | Lair:4   | Learned a level 6 spell: Conjure Ball Lightning
 23534 | Lair:5   | Found a gateway to Hell.
 24359 | Orc:1    | Entered Level 1 of the Orcish Mines
 24457 | Orc:1    | Offered knowledge of Spellforged Servitor by Vehumet.
 25197 | Orc:2    | Entered Level 2 of the Orcish Mines
 25664 | Orc:2    | Noticed Urug
 25800 | Orc:2    | Reached XP level 15. HP: 96/96 MP: 28/34
 26194 | Orc:2    | Noticed Josephine
 26197 | Orc:2    | Killed Josephine
 26198 | Orc:2    | Reached skill level 14 in Spellcasting
 26337 | Orc:2    | Killed Urug
 26674 | Orc:2    | Found a staircase to the Elven Halls.
 26856 | Orc:2    | Reached skill level 15 in Spellcasting
 27236 | Orc:2    | Found Muirik's Antique Weapon Boutique.
 27241 | Orc:2    | Offered knowledge of Arcjolt by Vehumet.
 27362 | Orc:2    | Found Qaykusk's Weapon Boutique.
 27367 | Orc:2    | Found Jiolibun's Antique Armour Emporium.
 27376 | Orc:2    | Found Viquc's Assorted Antiques.
 27380 | Orc:2    | Bought a glowing helmet for 240 gold pieces
 27390 | Orc:2    | Bought a potion of curing for 72 gold pieces
 27390 | Orc:2    | Bought a steaming leather armour for 168 gold pieces
 27390 | Orc:2    | Identified the +0 leather armour "Hiacamud" {Dex+3} (You
                  | bought it in a shop on level 2 of the Orcish Mines)
 27390 | Orc:2    | Bought a potion of curing for 72 gold pieces
 27390 | Orc:2    | Bought a dented golden amulet for 120 gold pieces
 27390 | Orc:2    | Bought a wand of roots (4) for 230 gold pieces
 27619 | Orc:2    | Upgraded the game from 0.31-a0-965-g8a8ce12e04 to
                  | 0.31-a0-968-g24f9ace8b5
 28029 | D:11     | Reached skill level 16 in Spellcasting
 29074 | D:12     | Reached skill level 17 in Spellcasting
 29224 | D:12     | Noticed Fannar
 29226 | D:12     | Killed Fannar
 29506 | D:13     | Found a bloodstained altar of Trog.
 29506 | D:13     | Noticed Deit's ghost (journeyman MiBe)
 29507 | D:13     | Found a transporter.
 29509 | D:13     | Noticed Azrael
 29521 | D:13     | Killed Azrael
 29592 | D:13     | Found an ancient bone altar of Kikubaaqudgha.
 29886 | D:13     | Found a transporter.
 29896 | D:13     | Found a portal to a secret trove of treasure.
 30261 | D:13     | Reached skill level 18 in Spellcasting
 30640 | D:13     | Found a transporter.
 30648 | D:13     | Found a bloodstained altar of Trog.
 30652 | D:13     | Found a portal to a secret trove of treasure.
 30680 | D:13     | Found a transporter.
 30693 | D:13     | Found an ancient bone altar of Kikubaaqudgha.
 31184 | D:14     | Noticed Lodul
 31188 | D:14     | Killed Lodul
 32187 | D:14     | Reached XP level 16. HP: 71/101 MP: 0/40
 32350 | D:14     | Found a gate to the Vaults.
 32440 | D:14     | Found a shimmering blue altar of Sif Muna.
 32790 | D:15     | Entered Level 15 of the Dungeon
 34045 | D:15     | Found a staircase to the Depths.
 34377 | D:8      | Bought a potion of magic for 112 gold pieces
 34377 | D:8      | Bought a potion of resistance for 140 gold pieces
 34377 | D:8      | Bought a potion of invisibility for 112 gold pieces
 34377 | D:8      | Bought a potion of brilliance for 56 gold pieces
 34509 | Snake:1  | Entered Level 1 of the Snake Pit
 34515 | Snake:1  | Offered knowledge of Orb of Destruction by Vehumet.
 34667 | Lair:3   | Learned a level 7 spell: Orb of Destruction
 34865 | Snake:1  | Identified the +0 robe "Repaps" {rC+ Archmagi}
 34948 | Snake:1  | Reached skill level 15 in Fire Magic
 35225 | Snake:1  | Found Zucosuc's Armour Emporium.
 38343 | Snake:2  | Reached ****** piety under Vehumet
 38634 | Snake:2  | Reached XP level 17. HP: 105/106 MP: 36/41
 38873 | Snake:3  | Identified the of Tedol (You acquired it on level 3 of the
                  | Snake Pit)
 38887 | Snake:3  | Offered knowledge of Iskenderun's Battlesphere by Vehumet.
 38898 | Snake:3  | Reached skill level 15 in Conjurations
 39383 | Snake:3  | Noticed Vashnia
 40217 | Snake:3  | Found Kasykem's Antique Armour Boutique.
 41588 | Snake:3  | Found Kasykem's Antique Armour Boutique.
 41607 | Snake:3  | Killed Vashnia
 42685 | Snake:4  | Entered Level 4 of the Snake Pit
 44218 | Snake:4  | Offered knowledge of Ozocubu's Refrigeration by Vehumet.
 44228 | Snake:4  | Learned a level 7 spell: Ozocubu's Refrigeration
 44456 | Snake:4  | Identified the +2 leather armour of Untruth {rC- Str+9}
 45783 | Snake:4  | Found a runed translucent door.
 45977 | Snake:4  | Found a hide-covered altar of Uskayaw.
 45987 | Snake:4  | Reached XP level 18. HP: 117/117 MP: 15/42
 46529 | Snake:4  | Got a serpentine rune of Zot
 47241 | Swamp:1  | Entered Level 1 of the Swamp
 47379 | Swamp:1  | Reached skill level 10 in Evocations
 47456 | Swamp:1  | Found a radiant altar of Vehumet.
 49628 | Swamp:3  | Noticed a tentacled monstrosity
 49635 | Swamp:3  | Killed a tentacled monstrosity
 50101 | Swamp:3  | Identified the +8 battleaxe of Vivaokas {drain, rF+ rC+
                  | Str+3}
 50438 | Swamp:4  | Entered Level 4 of the Swamp
 50673 | Swamp:4  | Noticed Roxanne
 50838 | Swamp:4  | Killed Roxanne
 50936 | Swamp:4  | Found a shimmering altar of Xom.
 51220 | Swamp:4  | Offered knowledge of Polar Vortex by Vehumet.
 51220 | Swamp:4  | Offered knowledge of Ignition by Vehumet.
 51220 | Swamp:4  | Offered knowledge of Maxwell's Capacitive Coupling by
                  | Vehumet.
 52302 | Swamp:4  | Reached XP level 19. HP: 122/122 MP: 35/43
 52519 | Swamp:4  | Got a decaying rune of Zot
 53019 | Vaults:1 | Entered Level 1 of the Vaults
 53784 | Vaults:1 | Reached skill level 15 in Evocations
 53891 | Vaults:1 | Reached skill level 15 in Ice Magic
 53892 | Vaults:1 | HP: 4/122 [slime creature (14)]
 53893 | Vaults:1 | Engulfed by a cloud of freezing vapour

Illustrated notes

Levels and vault maps discovered:
D:1:      onia_arrival_zoo_common, layout_loops_ring, lexackson_kobold_supper
D:2:      minmay_general_purpose_star, layout_loops_ring
D:3:      layout_loops_ring, gammafunk_temple_overflow_forgotten,
          pdpol_wu_jian_five_deadly_venoms, serial_rivers,
          chequers_serial_rivers_small_3, chequers_serial_rivers_micro_d,
          chequers_serial_rivers_micro_d, chequers_serial_rivers_large_a,
          chequers_serial_rivers_room_a, chequers_serial_rivers_micro_b,
          minmay_misc_feat_roman
D:4:      layout_basic, minmay_misc_feat_enclosed
D:5:      layout_basic, mainiacjoe_overflow_tiny_flanked,
          minmay_temple_entry_antechambers, gammafunk_ghost_necromancy,
          uniq_pikel
D:6:      layout_basic, serial_bayou_lake_a, uniq_sigmund
D:7:      layout_basic, ebering_ghost_reflecting_pool, enter_bailey_5,
          uniq_menkaure
D:8:      layout_basic, mainiacjoe_overflow_alcove_2, serial_shops,
          nicolae_shop_hallway_plus, nicolae_shop_crystal, minmay_microvault,
          uniq_prince_ribbit1
D:9:      layout_long_grid, orc_0_dummy
D:10:     layout_cave_pools, grunt_lair_entry_orc_guard_hut
D:11:     layout_rooms
D:12:     layout_irregular_city, hangedman_fish_farm, uniq_nergalle, uniq_fannar
D:13:     lemuel_slime, layout_long_grid, gammafunk_ghost_wrathful_warriors,
          enter_trove_2, kiku_gazebo_garden_becter, uniq_azrael
D:14:     layout_irregular_city, skrybe_vaults_entry_preservation,
          nicolae_the_louvre, amcnicky_mini_corridor_feature,
          kennysheep_orc_sif_temple, uniq_lodul
D:15:     grunt_enter_depths_hoard, layout_loops_ring, minmay_gold_behind_fungi
Lair:1:   layout_roguey, portal_ice_cave_entry_imps, grunt_megastairs_2,
          serial_bayou_shore_b
Lair:2:   layout_regular_city, disabler_island, uniq_amaemon
Lair:3:   layout_cellular_growth, minmay_swamp_entry_worms, dummy_snake_entry,
          serial_bayou_pond_e
Lair:4:   layout_big_grid, lemuel_fruit_fields, serial_bayou_shore_b,
          lemuel_fruit_fields
Lair:5:   evil_forest, layout_cave_pods, minmay_slime_entry_oklob_enclosed,
          ebering_ghost_inner_flame, grunt_megastairs_5
Swamp:1:  layout_basic_swamp, infiniplex_staircase_pool_2, swamp_pool1,
          nicolae_swamp_round_clearing, lemuel_altar_in_water,
          nicolae_swamp_feature_on_the_river_bank
Swamp:2:  layout_basic_swamp, evilmike_swamp_ruin_rubble_1, swamp_pool4
Swamp:3:  nicolae_swamp_standing_stones, layout_falls_marsh,
          evilmike_swamp_ruin_rubble_2
Swamp:4:  swamp_basic_johnstein, layout_basic_swamp, nicolae_swamp_godswood,
          uniq_roxanne
Snake:1:  layout_layer_cave, serial_shops, nicolae_shop_getting_attention
Snake:2:  layout_basic, drop_trap, beargit_elvish_explorers
Snake:3:  layout_layer_cave, serial_shops, nicolae_shop_hallway_stairs,
          lemuel_fruit_tree, uniq_vashnia
Snake:4:  snake_hunt, layout_cave_town, basic_altar, grunt_ministairs_1,
          lightli_airlock
Orc:1:    layout_diamond_mine
Orc:2:    st_orc_open, layout_caves, nicolae_orc_sculptors_studio, uniq_urug,
          uniq_josephine
Vaults:1: nicolae_vaults_yaktaur_gun_rack, nicolae_vaults_hallways_thing,
          nicolae_vaults_more_shelving_1, hangedman_vaults_stitches,
          nicolae_vaults_heist, nicolae_vaults_closet_pinwheel_6,
          nicolae_vaults_trapezoid_1, vaults_room_stairs_pillars,
          vaults_standard_mumra_lines, v_misc_19, vaults_room_pools,
          nicolae_vaults_tetromino_L_2, nicolae_vaults_trapezoid_4,
          layout_vaults_maze_bifur, uniq_aizul

Skill      XL: |  1  2  3  4  5  6  7  8  9 10 11 12 13 14 15 16 17 18 19 |
---------------+----------------------------------------------------------+-----
Spellcasting   | 4 5 6 9 12 13 18 | 18.0
Fire Magic     | 1 3 5 8 10 12 15 | 15.9
Ice Magic      | 5 6 7 8 11 12 13 14 15 | 15.0
Conjurations   | 5 6 8 11 14 15 | 15.0
Fighting       | 3 6 10 12 14 | 14.3
Air Magic      | 2 5 7 8 |  8.0
Evocations     | 7 8 14 15 | 15.0
Necromancy     | 7 |  7.2
Armour         | 1 |  1.5
Dodging        | |  2.5
Stealth        | |  2.5

Action                     |  1- 3 |  4- 6 |  7- 9 | 10-12 | 13-15 | 16-18 | 19-21 || total
---------------------------+-------+-------+-------+-------+-------+-------+-------++-------
  Melee: Unarmed           |       |     1 |       |       |       |       |       ||     1
         Staff             |       |       |       |       |    58 |    19 |       ||    77
         Punch             |       |       |       |       |     1 |       |       ||     1
   Fire: Sling             |    92 |    64 |   101 |    41 |       |       |       ||   298
         Orcbow            |       |       |       |   149 |     9 |       |       ||   158
   Cast: Freeze            |    21 |    26 |    47 |    34 |     8 |     4 |       ||   140
         Frozen Ramparts   |     1 |    10 |    40 |    37 |    23 |     8 |     1 ||   120
         Foxfire           |       |    10 |    51 |     9 |     2 |       |       ||    72
         Ozocubu's Armour  |       |     7 |    18 |    23 |    19 |     8 |     1 ||    76
         Blink             |       |       |     6 |     3 |     4 |     1 |       ||    14
         Freezing Cloud    |       |       |       |    60 |   138 |   111 |     3 ||   312
         Starburst         |       |       |       |    39 |    61 |    75 |    12 ||   187
         Fireball          |       |       |       |    13 |   253 |   214 |    12 ||   492
         Conjure Ball Ligh |       |       |       |       |    14 |     2 |       ||    16
         Simulacrum        |       |       |       |       |     9 |     2 |       ||    11
         Orb of Destructio |       |       |       |       |       |    62 |     8 ||    70
         Ozocubu's Refrige |       |       |       |       |       |   151 |    26 ||   177
  Evoke: Wand              |       |       |     1 |     6 |     5 |       |       ||    12
         Phial of floods   |       |       |       |       |     4 |       |     1 ||     5
         Tin of tremorston |       |       |       |       |     1 |       |       ||     1
         Lightning rod     |       |       |       |       |       |       |     4 ||     4
         Phantom mirror    |       |       |       |       |       |       |     1 ||     1
    Use: Scroll            |       |    10 |     6 |     8 |    14 |    10 |       ||    48
         Potion            |       |       |       |     1 |     5 |     2 |     3 ||    11
 Armour: Robe              |    15 |    37 |    75 |   156 |   199 |   248 |    42 ||   772
  Dodge: Dodged            |    27 |    42 |    76 |   145 |   116 |   126 |     9 ||   541
  Block: Other             |       |       |       |       |       |     1 |     3 ||     4

Table legend: (Time is in decaauts)
 A = Elapsed time spent in this place.
 B = Non-inter-level travel time spent in this place.
 C = Inter-level travel time spent in this place.
 D = Time resting spent in this place.
 E = Time spent auto-exploring this place.
 F = Levels seen in this place.
 G = Mean time per level.
                   A        B        C        D        E       F      G
               +--------+--------+--------+--------+--------+-----+--------+
         Total |  54208 |  50733 |   3475 |  16574 |  26394 |  33 | 1642.7 |
       Dungeon |  18331 |  16933 |   1398 |   2337 |  11935 |  15 | 1222.1 |
          Lair |  11607 |  10694 |    913 |   4788 |   4083 |   5 | 2321.4 |
         Swamp |   5519 |   5350 |    169 |   1480 |   3350 |   4 | 1379.8 |
     Snake Pit |  12419 |  11546 |    873 |   4966 |   5122 |   4 | 3104.8 |
  Orcish Mines |   3061 |   2941 |    120 |   1900 |    715 |   2 | 1530.5 |
        Vaults |    872 |    872 |      0 |    414 |    306 |   1 |  872.0 |
        Bailey |   1003 |   1003 |      0 |     66 |    464 |   1 | 1003.0 |
      Ice Cave |   1391 |   1391 |      0 |    623 |    419 |   1 | 1391.0 |
               +--------+--------+--------+--------+--------+-----+--------+

Top non-repeatable levels by time:
 Snake:3: 5213 daAuts
  Lair:5: 3957 daAuts
 Snake:2: 2890 daAuts
  Lair:3: 2518 daAuts
 Snake:4: 2488 daAuts
 Swamp:4: 2371 daAuts
  Lair:4: 2127 daAuts
 Snake:1: 1826 daAuts
  Lair:2: 1823 daAuts
    D:14: 1802 daAuts
   Orc:1: 1627 daAuts
    D:13: 1587 daAuts
    D:15: 1446 daAuts
   Orc:2: 1433 daAuts
   IceCv: 1391 daAuts
